 Dungeon Crawl Stone Soup version 0.29.1-15-g9cfb28693d (webtiles) character file.

Game seed: 416117413704612805

76 Heoruswealwe the Shield-Bearer (level 4, -8/41 HPs)
             Began as a Minotaur Fighter on Apr 10, 2023.
             Killed by divine providence
             ... invoked by an orc priest
              (13 damage)
             ... on level 3 of the Dungeon.
             The game lasted 00:10:26 (1158 turns).

Heoruswealwe the Shield-Bearer (Minotaur Fighter)   Turns: 1158, Time: 00:10:26

Health: -8/41      AC:  7    Str: 23    XL:     4   Next: 12%
Magic:  3/3        EV:  9    Int:  5    God:
Gold:   91         SH:  4    Dex:  9    Spells: 3/3 levels left

rFire   . . .      SeeInvis .   a - +0 war axe
rCold   . . .      Faith    .   c - +0 buckler
rNeg    . . .      Spirit   .   b - +0 scale mail
rPois   .          Reflect  .   (helmet restricted)
rElec   .          Harm     .   (no cloak)
rCorr   .          Rampage  .   (no gloves)
Will    .....                   (no boots)
Stlth   ..........              (no amulet)
HPRegen 0.13/turn               o - ring of wizardry
MPRegen 0.08/turn               (no ring)

@: no status effects
A: horns 2, retaliatory headbutt
a: no special abilities


You were on level 3 of the Dungeon.
You visited 1 branch of the dungeon, and saw 3 of its levels.

You collected 91 gold pieces.

Inventory:

Hand Weapons
 a - a +0 war axe (weapon)
Armour
 b - a +0 scale mail (worn)
 c - a +0 buckler (worn)
Jewellery
 o - a ring of wizardry (left hand)
Wands
 k - a wand of flame (9)
Scrolls
 f - a scroll of enchant weapon {unknown}
 g - a scroll of identify {unknown}
 h - a scroll of teleportation {unknown}
 l - a scroll of noise {unknown}
Potions
 d - a potion of might
 e - a potion of magic {unknown}
 i - a potion of cancellation {unknown}
 j - a potion of ambrosia {unknown}
 m - a potion of heal wounds {unknown}
 n - a potion of flight {unknown}
 p - a potion of curing {unknown}


   Skills:
 + Level 4.3 Fighting
 + Level 3.4 Axes
 + Level 4.3 Armour
 + Level 4.4 Shields


You had 3 spell levels left.
You didn't know any spells.
Your spell library contained the following spells:

 Spells                   Type           Power      Damage    Failure   Level
 Foxfire                  Conj/Fire      0%         2x1d4     52%         1
 Conjure Flame            Conj/Fire      0%         6-21      87%         3
 Inner Flame              Hex/Fire       0%         N/A       87%         3
 Flame Wave               Conj/Fire      0%         2d4       99%         4
 Borgnjor's Revivificati  Necr           0%         N/A       100%        8
 Necromutation            Tmut/Necr      0%         N/A       100%        8
 Death's Door             Necr           0%         N/A       100%        9


Dungeon Overview and Level Annotations

Branches:
Dungeon (3/15)

Altars:
Uskayaw

Annotations:
D:3 Grinder


Innate Abilities, Weirdness & Mutations

You have a pair of horns on your head.
You reflexively headbutt those who attack you in melee.


Message History

Found a stone staircase leading down.
The adder hisses angrily.
The hobgoblin shouts!
The bat barely misses you.
An orc priest comes into view. It is wielding a +0 hand axe.
The adder moves out of view.
The orc priest shouts!
You slash the bat!
You kill the bat!
You hear a shout! x2
An orc wizard comes into view. It is wielding a +0 dagger.
Grinder and a worm come into view.
Found 32 gold pieces and a potion of might.
The orc priest invokes the aid of Beogh against you.
Beogh smites you!
Grinder says, "Wait up."
You slash the adder!
You kill the adder!
The orc priest looks satisfied for a moment.
You have reached level 4!
You feel stronger.
You hit the orc wizard but do no damage.
Your headbutt misses the orc wizard. You closely miss the orc priest.
The orc priest invokes the aid of Beogh against you.
Beogh smites you!
* * * LOW HITPOINT WARNING * * *
Grinder says, "Just stop there for a second..."
Grinder blinks!
The orc priest hits you with a +0 hand axe.
* * * LOW HITPOINT WARNING * * *
You block the giant cockroach's attack.
The orc wizard attacks as you move away!
The orc wizard hits you with a +0 dagger.
* * * LOW HITPOINT WARNING * * *
The worm bites you but does no damage.
The orc priest casts a cantrip, but nothing happens.
The giant cockroach bites you.
* * * LOW HITPOINT WARNING * * *
The orc priest invokes the aid of Beogh against you.
Beogh smites you!
You die... .....#.# #.# 5...#.### #.# ........ #.# ...... #.# # ###.... ###)## .#.>...o§ #....# PPPPP#oo# #....# P$$$P...##########...[### P$$$P#gB@................
P$$$P..w###..............
PPPPP...#

###########....
!........ #....
....!...# #....
........# #....
#(......# #....
.....#. #....
#####


You could see Grinder, a worm, 2 orc priests, an orc wizard, a giant cockroach
and a hobgoblin.

Vanquished Creatures
  2 adders
  A dart slug (D:2)
  An orc (D:3)
  5 endoplasms
  4 giant cockroaches
  5 goblins
  6 hobgoblins
  6 jackals
  A quokka (D:2)
  2 ball pythons
  4 bats
  5 frilled lizards
  4 kobolds
  6 rats (D:1)
52 creatures vanquished.

Notes
Turn   | Place    | Note
-------+----------+-------------------------------------------
     0 | D:1      | Heoruswealwe the Minotaur Fighter began the quest for the
                  | Orb.
     0 | D:1      | Reached XP level 1. HP: 19/19 MP: 0/0
    62 | D:1      | Reached XP level 2. HP: 20/27 MP: 1/1
   409 | D:1      | Reached XP level 3. HP: 33/33 MP: 2/2
   789 | D:2      | Found a faded altar of an unknown god.
   824 | D:2      | Prayed at the altar of an unknown god.
   824 | D:2      | Became a worshipper of Uskayaw the Reveller
   824 | D:2      | Reached * piety under Uskayaw
   825 | D:2      | Fell from the grace of Uskayaw
  1155 | D:3      | Noticed Grinder
  1157 | D:3      | Reached XP level 4. HP: 22/41 MP: 3/3
  1158 | D:3      | Killed from afar by an orc priest

Illustrated notes

Levels and vault maps discovered:
D:1:      lemuel_arrival_cross, layout_basic
D:2:      layout_basic, ebering_ecumenical_altar_sacrificial,
          minmay_pentomino_o2
D:3:      layout_basic, fedhas_ov_isle_minmay, gammafunk_ghost_smash,
          minmay_gold_behind_fungi, uniq_grinder, uniq_terence,
          uniq_crazy_yiuf_cottage

Skill      XL: |  1  2 |
---------------+-------+-----
Fighting       | 4 |  4.3
Shields        | 4 |  4.4
Armour         | 4 |  4.3
Axes           | 3 |  3.4

Action                   |  1- 3 |  4- 6 || total
-------------------------+-------+-------++-------
Melee: War axe           |   103 |     1 ||   104
       Headbutt          |    13 |       ||    13
Invok: Renounce Religion |     1 |       ||     1
Armor: Scale mail        |    45 |     1 ||    46
Dodge: Dodged            |    48 |       ||    48
Block: Buckler           |    29 |     1 ||    30
